 Dungeon Crawl Stone Soup version 0.29-a0-298-g3c90f9a769 (webtiles) character file.

Game seed: 10689609766673295614

791 sanka the Ducker (level 7, -7/60 HPs)
             Began as a Gnoll Monk on Mar 22, 2022.
             Killed from afar by a steam dragon (18 damage)
             ... with a ball of steam
             ... on level 5 of the Dungeon.
             The game lasted 00:08:13 (5132 turns).

sanka the Ducker (Gnoll Monk)                       Turns: 5132, Time: 00:08:14

Health: -7/60      AC:  7    Str: 12    XL:     7   Next: 88%
Magic:  11/11      EV: 15    Int:  9    God:
Gold:   352        SH:  0    Dex: 15    Spells: 11/11 levels left

rFire   . . .      SeeInvis .   j - +0 war axe (venom)
rCold   . . .      Faith    .   (no shield)
rNeg    . . .      Spirit   .   b - +0 robe
rPois   .          Reflect  .   (no helmet)
rElec   .          Harm     .   D - +0 cloak
rCorr   .          Rampage  .   (no gloves)
Will    .....                   (no boots)
Stlth   +.........              (no amulet)
HPRegen 0.20/turn               (no ring)
MPRegen 0.12/turn               r - +4 ring of protection

@: confused, ambrosia-drunk
A: fangs 1, strong nose, distributed training
a: no special abilities


You were on level 5 of the Dungeon.
You visited 2 branches of the dungeon, and saw 6 of its levels.
You also visited: Sewer.

You collected 352 gold pieces.


Innate Abilities, Weirdness & Mutations

You have very sharp teeth.
Your uncanny sense of smell can sniff out nearby items.
Your experience applies equally to all skills.


   Skills:
 + Level 7.1 Fighting
 + Level 2.7 Short Blades
 + Level 2.7 Long Blades
 + Level 7.1 Axes
 + Level 2.7 Maces & Flails
 + Level 2.7 Polearms
 + Level 2.7 Staves
 + Level 2.7 Slings
 + Level 2.7 Bows
 + Level 2.7 Crossbows
 + Level 2.7 Throwing
 + Level 2.7 Armour
 + Level 7.1 Dodging
 + Level 5.0 Stealth
 + Level 2.7 Shields
 + Level 2.7 Unarmed Combat
 + Level 2.7 Spellcasting
 + Level 2.2 Conjurations
 + Level 2.2 Hexes
 + Level 2.2 Summonings
 + Level 2.2 Necromancy
 + Level 2.2 Translocations
 + Level 2.2 Transmutations
 + Level 2.2 Fire Magic
 + Level 2.2 Ice Magic
 + Level 2.2 Air Magic
 + Level 2.2 Earth Magic
 + Level 2.2 Poison Magic
 + Level 3.0 Invocations
 + Level 2.7 Evocations


You had 11 spell levels left.
You didn't know any spells.
Your spell library contained the following spells:

 Spells                   Type           Power      Damage    Failure   Level
 Shock                    Conj/Air       20%        1d4       12%         1
 Blink                    Tloc           10%        N/A       19%         2
 Scorch                   Fire           10%        2d5       19%         2
 Gell's Gravitas          Tloc           5%         N/A       36%         3
 Inner Flame              Hex/Fire       5%         N/A       36%         3
 Lesser Beckoning         Tloc           5%         N/A       36%         3
 Swiftness                Air            5%         N/A       36%         3
 Teleport Other           Tloc           5%         N/A       36%         3
 Airstrike                Air            2%         N/A       77%         4
 Cause Fear               Hex            2%         N/A       77%         4
 Flame Wave               Conj/Fire      5%         2d5       77%         4
 Manifold Assault         Tloc           5%         N/A       98%         5
 Dispersal                Tloc           2%         N/A       100%        6
 Summon Cactus Giant      Summ           2%         N/A       100%        6
 Storm Form               Tmut/Air       2%         N/A       100%        7
 Discord                  Hex            2%         N/A       100%        8

Inventory:

Hand Weapons
 a - a +0 hand axe
 j - a +0 war axe of venom (weapon)
 m - the +0 mace "Afutoal" {venom, rCorr MP-9 Int+8}

   It poisons the flesh of those it strikes.
   Int:       It affects your intelligence (+8).
   MP:        It affects your magic capacity (-9).
   rCorr:     It protects you from acid and corrosion.
 z - a +0 flail
 A - a +4 whip of venom
 B - the +11 short sword of the Unstoppable Realms {speed, *Slow Fly rElec rF+ rN+} Attacks with this weapon are significantly faster. rF: It protects you from fire. rElec: It insulates you from electricity. rN: It protects you from negative energy. Fly: It grants you flight. *Slow: It may slow you when you take damage.
 G - a +2 whip of electrocution
Missiles
 k - 6 silver javelins (quivered)
 F - 2 throwing nets {=f}
Armour
 b - a +0 robe (worn)
 D - a +0 cloak (worn)
Jewellery
 r - a +4 ring of protection (right hand)
Wands
 q - a wand of polymorph (13)
Scrolls
 d - 6 scrolls of identify {unknown}
 h - 2 scrolls of magic mapping {unknown}
 i - 2 scrolls of enchant armour {unknown}
 l - 2 scrolls of vulnerability {unknown}
 n - 4 scrolls of fear {unknown}
 o - a scroll of enchant weapon {unknown}
 s - a scroll of noise {unknown}
 u - 2 scrolls of fog {unknown}
 w - a scroll of torment {unknown}
 y - a scroll of amnesia {unknown}
 C - a scroll of blinking {unknown}
 H - a scroll of summoning {unknown}
 I - a scroll of immolation {unknown}
Potions
 c - 2 potions of ambrosia
 e - 3 potions of brilliance {unknown}
 f - 2 potions of attraction {unknown}
 g - a potion of haste {unknown}
 p - a potion of berserk rage {unknown}
 t - 3 potions of mutation {unknown}
 v - 3 potions of curing {unknown}
 x - a potion of degeneration {unknown}
 E - 2 potions of flight {unknown}

Dungeon Overview and Level Annotations

Branches:
Dungeon (5/15)             Temple (1/1) D:4           Sewer (visited)

Altars:
Ashenzari
Cheibriados
Dithmenos
Elyvilon
Fedhas
Gozag
Kikubaaqudgha
Makhleb
Okawaru
Qazlal
Sif Muna
Trog
Uskayaw
Vehumet
Wu Jian
Xom
Zin
The Shining One

Shops:
D:2

: ▒ ▒.▒.....▒.....▒▒
▒.▒.▒.▒......▒.▒▒▒.▒
.▒.▒.▒.▒.....▒▒▒...(.
▒...▒..†▒.▒▒▒.▒......
...▒...▒▒.....▒.....
...▒...▒......▒.....
▒D▒h▒.▒.▒[....▒.....
▒.▒.▒.▒.▒......▒.▒▒▒
▒.▒g▒.▒.▒.....▒▒▒...
▒D..▒...▒.▒▒▒.▒....
▒.<.▒...▒▒...▒.....
▒...▒...▒....▒....▒
▒.▒.▒.▒.▒.....▒...▒▒
▒.▒.▒.▒.▒....▒.▒▒▒(▒
▒.▒.▒.▒.▒...▒▒▒...▒.
∆
...▒...▒.▒▒▒.▒....▒.
... ...▒▒ ▒..<..▒.


You could see a steam dragon (very poisoned, catching breath) and a hound.


Message History

The steam dragon is moderately wounded.
The steam dragon bites you!
* * * LOW HITPOINT WARNING * * *
The steam dragon closely misses you.
You hit the steam dragon.
The steam dragon looks even sicker.
You bite the steam dragon.
The steam dragon is heavily wounded.
The steam dragon bites you.
* * * LOW HITPOINT WARNING * * *
The steam dragon closely misses you.
You closely miss the steam dragon.
You bite the steam dragon, but do no damage.
The steam dragon is heavily wounded.
The steam dragon misses you. The steam dragon claws you.
* * * LOW HITPOINT WARNING * * *
You are confused.
You feel invigorated.
A hound comes into view.
The steam dragon completely misses you. The steam dragon claws you.
* * * LOW HITPOINT WARNING * * *
Unknown command.
You miss the steam dragon.
The steam dragon is heavily wounded.
The hound barks!
The steam dragon breathes steam at you. The ball of steam hits you!!
You die...

Action                   |  1- 3 |  4- 6 |  7- 9 || total
-------------------------+-------+-------+-------++-------
Melee: Hand axe          |    58 |       |       ||    58
       Bite              |     4 |    14 |    12 ||    30
       War axe           |    35 |   149 |    60 ||   244
       Punch             |       |     2 |     4 ||     6
  Use: Potion            |       |       |     2 ||     2
 Stab: Sleeping          |    10 |    18 |     2 ||    30
       Distracted        |     1 |       |       ||     1
Armor: Robe              |    12 |    23 |    24 ||    59
Dodge: Dodged            |    64 |   106 |    51 ||   221

Levels and vault maps discovered:
D:1:      mrwooster_arrival_statue, layout_basic, hangedman_decor_riveting,
          minivault_19, grunt_decor_cap
D:2:      layout_basic, serial_shops, nicolae_shop_behind_doors,
          minmay_tromino_v4_a
D:3:      layout_loops_ring, portal_sewer_entry_e, minmay_misc_feat_x,
          hangedman_decor_growths, kennysheep_nub, minmay_misc_feat_hallway,
          minmay_misc_feat_five
D:4:      layout_rooms, minmay_temple_entry_offerings, minmay_misc_feat_rugged
D:5:      nicolae_BIG_FREAKIN_CUBE, layout_loops_cross, serial_glass,
          glass_columns_b, glass_columns_a, glass_columns_a, glass_columns_a,
          glass_columns_a, glass_columns_a, glass_columns_b, glass_columns_c,
          feat_on_display, due_unseen_surprise, feat_on_display,
          item_on_display_a, serial_shops, shop,
          minmay_fractal_squares_diagonal_5
Temple:   regret_index_temple_mists

Notes
Turn   | Place    | Note
-------+----------+-------------------------------------------
     0 | D:1      | sanka the Gnoll Monk began the quest for the Orb.
     0 | D:1      | Reached XP level 1. HP: 23/23 MP: 1/1
   213 | D:1      | Reached XP level 2. HP: 23/29 MP: 2/2
   819 | D:1      | Reached XP level 3. HP: 30/35 MP: 3/3
  1180 | D:2      | Identified the +0 mace "Afutoal" {venom, rCorr MP-9 Int+8}
  1292 | D:2      | Reached skill level 1 in Invocations
  1617 | D:2      | Reached skill level 1 in Short Blades
  1617 | D:2      | Reached skill level 1 in Long Blades
  1617 | D:2      | Reached skill level 1 in Maces & Flails
  1617 | D:2      | Reached skill level 1 in Polearms
  1617 | D:2      | Reached skill level 1 in Staves
  1617 | D:2      | Reached skill level 1 in Slings
  1617 | D:2      | Reached skill level 1 in Bows
  1617 | D:2      | Reached skill level 1 in Crossbows
  1617 | D:2      | Reached skill level 1 in Throwing
  1617 | D:2      | Reached skill level 1 in Armour
  1617 | D:2      | Reached skill level 1 in Shields
  1617 | D:2      | Reached skill level 1 in Unarmed Combat
  1617 | D:2      | Reached skill level 1 in Spellcasting
  1617 | D:2      | Reached skill level 1 in Evocations
  1664 | D:2      | Reached XP level 4. HP: 34/41 MP: 5/5
  1726 | D:2      | Found Ucech's Book Shop.
  2604 | D:3      | Reached skill level 1 in Conjurations
  2604 | D:3      | Reached skill level 1 in Hexes
  2604 | D:3      | Reached skill level 1 in Summonings
  2604 | D:3      | Reached skill level 1 in Necromancy
  2604 | D:3      | Reached skill level 1 in Translocations
  2604 | D:3      | Reached skill level 1 in Transmutations
  2604 | D:3      | Reached skill level 1 in Fire Magic
  2604 | D:3      | Reached skill level 1 in Ice Magic
  2604 | D:3      | Reached skill level 1 in Air Magic
  2604 | D:3      | Reached skill level 1 in Earth Magic
  2604 | D:3      | Reached skill level 1 in Poison Magic
  2711 | D:3      | Found a glowing drain.
  2720 | Sewer    | Entered a sewer
  2787 | Sewer    | Reached XP level 5. HP: 46/47 MP: 5/7
  3627 | D:4      | Reached skill level 2 in Invocations
  3627 | D:4      | Reached XP level 6. HP: 52/53 MP: 8/8
  3810 | D:4      | Found a staircase to the Ecumenical Temple.
  3815 | D:4      | Identified the +11 short sword of the Unstoppable Realms
                  | {speed, *Slow Fly rElec rF+ rN+}
  3847 | Temple   | Entered the Ecumenical Temple
  4107 | D:4      | Reached skill level 2 in Short Blades
  4107 | D:4      | Reached skill level 2 in Long Blades
  4107 | D:4      | Reached skill level 2 in Maces & Flails
  4107 | D:4      | Reached skill level 2 in Polearms
  4107 | D:4      | Reached skill level 2 in Staves
  4107 | D:4      | Reached skill level 2 in Slings
  4107 | D:4      | Reached skill level 2 in Bows
  4107 | D:4      | Reached skill level 2 in Crossbows
  4107 | D:4      | Reached skill level 2 in Throwing
  4107 | D:4      | Reached skill level 2 in Armour
  4107 | D:4      | Reached skill level 2 in Shields
  4107 | D:4      | Reached skill level 2 in Unarmed Combat
  4107 | D:4      | Reached skill level 2 in Spellcasting
  4107 | D:4      | Reached skill level 2 in Evocations
  4266 | D:4      | Reached XP level 7. HP: 54/59 MP: 10/10
  4308 | D:4      | Reached skill level 7 in Fighting
  4308 | D:4      | Reached skill level 7 in Axes
  4308 | D:4      | Reached skill level 7 in Dodging
  4529 | D:4      | Reached skill level 2 in Conjurations
  4529 | D:4      | Reached skill level 2 in Hexes
  4529 | D:4      | Reached skill level 2 in Summonings
  4529 | D:4      | Reached skill level 2 in Necromancy
  4529 | D:4      | Reached skill level 2 in Translocations
  4529 | D:4      | Reached skill level 2 in Transmutations
  4529 | D:4      | Reached skill level 2 in Fire Magic
  4529 | D:4      | Reached skill level 2 in Ice Magic
  4529 | D:4      | Reached skill level 2 in Air Magic
  4529 | D:4      | Reached skill level 2 in Earth Magic
  4529 | D:4      | Reached skill level 2 in Poison Magic
  4674 | D:5      | Entered Level 5 of the Dungeon
  4738 | D:5      | Reached skill level 5 in Stealth
  4969 | D:5      | Reached skill level 3 in Invocations
  5118 | D:5      | Noticed a steam dragon
  5132 | D:5      | Killed from afar by a steam dragon

Vanquished Creatures
  A black bear (D:4)
  A necrophage (D:4)
  2 scorpions (D:4)
  A howler monkey (D:5)
  A hound (D:5)
  An orc priest (D:4)
  3 iguanas
  2 orc wizards (D:4)
  5 river rats
  5 adders
  8 gnolls
  A white imp (D:4)
  An ufetubus (D:5)
  4 worms
  3 dart slugs
  10 orcs
  14 ball pythons
  5 endoplasms
  A giant cockroach (D:2)
  3 goblins
  6 hobgoblins
  4 jackals (D:1)
  4 kobolds
  5 quokkas
  7 bats
  12 frilled lizards
  12 rats
122 creatures vanquished.
